 Dungeon Crawl Stone Soup version 0.25.1-2-g60ff931df9 (webtiles) character file.

Game seed: 1569957787873247475

61 Apogee the Shooter (level 3, 13/30 HPs)
             Began as a Centaur Hunter on Nov 13, 2020.
             Quit the game on level 2 of the Dungeon.
             The game lasted 00:01:43 (1973 turns).

Apogee the Shooter (Centaur Hunter)                 Turns: 1973, Time: 00:01:44

Health: 13/30      AC:  4    Str: 15    XL:     3   Next: 83%
Magic:  3/3        EV:  9    Int: 10    God:
Gold:   75         SH:  0    Dex:  9    Spells: 2/2 levels left

rFire    . . .     SeeInvis .   b - +0 short sword
rCold    . . .     Gourm    .   (no shield)
rNeg     . . .     Faith    .   c - +0 leather armour
rPois    .         Spirit   .   (no helmet)
rElec    .         Reflect  .   (no cloak)
rCorr    .         Harm     .   (no gloves)
MR       .....                  (no barding)
Stlth    +.........             (no amulet)
HPRegen  0.10/turn              (no ring)
MPRegen  0.08/turn              (no ring)

@: lethally poisoned (13 -> -1), very quick
A: large, hooves 3, deformed body, speed 2, tough skin 3
a: no special abilities


You were on level 2 of the Dungeon.
You were not hungry.

You visited 1 branch of the dungeon, and saw 2 of its levels.

You collected 75 gold pieces.

Inventory:

Hand Weapons
 a - a +1 shortbow
 b - a +0 short sword (weapon)
Missiles
 d - 66 arrows
Armour
 c - a +0 leather armour (worn)
Jewellery
 h - an uncursed ring of ice {unknown}
Scrolls
 e - a scroll of remove curse {unknown}
Comestibles
 f - 4 rations
 g - 2 chunks of flesh


   Skills:
 + Level 2.3 Fighting
 + Level 1.6 Short Blades
 + Level 6.1 Bows
 + Level 0.6 Armour
 - Level 1.3 Dodging
 + Level 0.5 Stealth


You had 2 spell levels left.
You didn't know any spells.
Your spell library was empty.

Dungeon Overview and Level Annotations

Branches:
Dungeon (2/15)

Altars:
Ashenzari


Innate Abilities, Weirdness & Mutations

You have hooves in place of feet.
Armour fits poorly on your strangely shaped body.
You cover ground very quickly.
You have extremely tough skin. (AC +3)


Message History

You are poisoned.
The adder poisons you!
You barely miss the adder. You kick the adder!
The adder is severely wounded.
You feel sick. The adder bites you.
You are more poisoned.
The adder poisons you!
You hit the adder. Your kick misses the adder.
The adder is almost dead.
You feel sick. The adder bites you.
You are lethally poisoned!
The adder poisons you!
You are too injured to fight recklessly!
You are too injured to fight recklessly!
Unknown command.
You aren't carrying any potions.
You aren't carrying any potions.
You aren't carrying any potions.
You aren't carrying any potions.
Are you sure you want to abandon this character and quit the game? (Confirm with "yes".)

####### #<...(# #.....#
#.(...# #.....#
######### # #....)#
#........ # P♣ #....S#
#.....#.# ###P♣ #....@#
##........ ♣.P♣P
#.....#### #...######
≈P♣ .♣ #........# #...#
### ♣♣P♣ .♣##
###.####.####...######
≈♣ ♣ P.# #.#
##.#......'.._.. ≈♣
♣♣♣.#
####.###....####.###.##
♣♣ ♣P♣.###.........###
##.# #.# ♣♣
♣♣......##.####.##
#..###'## P♣♣
♣....####........#
##........


You could see an adder.

Vanquished Creatures
  An adder (D:2)
  An ooze (D:2)
  4 worms (D:2)
  2 dart slugs (D:1)
  A giant cockroach (D:2)
  5 goblins
  6 hobgoblins
  2 bats (D:1)
  3 frilled lizards
  4 kobolds
  7 rats
36 creatures vanquished.

Notes
Turn   | Place    | Note
-------+----------+-------------------------------------------
     0 | D:1      | Apogee the Centaur Hunter began the quest for the Orb.
     0 | D:1      | Reached XP level 1. HP: 17/17 MP: 1/1
   421 | D:1      | Reached XP level 2. HP: 21/24 MP: 2/2
   622 | D:1      | Reached skill level 6 in Bows
  1048 | D:2      | Reached XP level 3. HP: 19/29 MP: 3/3
  1218 | D:2      | Reached skill level 1 in Short Blades
  1751 | D:2      | Found a faded altar of an unknown god.
  1914 | D:2      | Found a shattered altar of Ashenzari.
  1973 | D:2      | Quit the game

Illustrated notes

Levels and vault maps discovered:
D:1:      matt_arrival_spirals, layout_loops_cross, palyth_stone_intersect,
          kennysheep_boxes
D:2:      layout_rooms, lemuel_doored_altar, chequers_ecumenical_altar_island,
          first_ration, wad_woods_river_04

Skill      XL: |  1  2  3 |
---------------+----------+-----
Bows           | 6 |  6.1
Short Blades   | 1 |  1.6
Fighting       | |  2.3
Armour         | |  0.6
Dodging        | |  1.3
Stealth        | |  0.5

Action                   || total
-------------------------++-------
Melee: Short sword       ||   118
       Kick              ||    26
 Fire: Shortbow          ||     8
  Eat: Chunk             ||     3
Armor: Leather armour    ||    37
Dodge: Dodged            ||    41
